 Dungeon Crawl Stone Soup version 0.25.1-2-g60ff931df9 (webtiles) character file.

Game seed: 3300163505514343058

132 HawFromDerth the Shooter (level 4, -4/32 HPs)
             Began as a Centaur Arcane Marksman on Sept 20, 2020.
             Was an Initiate of Hepliaklqana.
             Slain by a gnoll (7 damage)
             ... on level 3 of the Dungeon.
             The game lasted 00:08:08 (2480 turns).

HawFromDerth the Shooter (Centaur Arcane Marksman)  Turns: 2480, Time: 00:08:09

Health: -4/32      AC:  5    Str: 12    XL:     4   Next: 92%
Magic:  5/5        EV: 10    Int: 12    God:    Hepliaklqana [......]
Gold:   146        SH:  0    Dex: 11    Spells: 1/5 levels left

rFire    . . .     SeeInvis .   a - +0 shortbow
rCold    . . .     Gourm    .   (shield currently unavailable)
rNeg     . . .     Faith    .   e - +1 robe
rPois    .         Spirit   .   (no helmet)
rElec    .         Reflect  .   (no cloak)
rCorr    .         Harm     .   (no gloves)
MR       .....                  (no barding)
Stlth    +.........             (no amulet)
HPRegen  0.10/turn              (no ring)
MPRegen  0.09/turn              (no ring)

@: very quick
A: large, reduced essence, hooves 3, deformed body, speed 2, tough skin 3
a: Recall Ancestor, Ancestor Identity, Renounce Religion


You were on level 3 of the Dungeon.
You worshipped Hepliaklqana.
Hepliaklqana was noncommittal.
You were not hungry.

You visited 1 branch of the dungeon, and saw 3 of its levels.

You collected 146 gold pieces.

Inventory:

Hand Weapons
 a - a +0 shortbow (weapon)
Armour
 e - a +1 robe (worn)
 h - a +2 centaur barding
Scrolls
 b - 3 scrolls of identify
 k - a scroll of magic mapping
Potions
 c - 3 potions of heal wounds
 g - a potion of ambrosia {unknown}
 i - 2 potions of degeneration {unknown}
 j - a potion of curing {unknown}
 l - a potion of stabbing
 m - a potion of brilliance {unknown}
Comestibles
 f - 6 rations


   Skills:
 + Level 1.9 Fighting
 + Level 4.9 Bows
 + Level 1.9 Dodging
 + Level 1.0 Spellcasting
 + Level 3.5 Hexes


You had one spell level left.
You knew the following spells:

 Your Spells              Type           Power        Failure   Level  Hunger
a - Corona                Hex            #......      7%          1    ##.....
b - Inner Flame           Hex/Fire       #.......     41%         3    ####...

Your spell library contained the following spells:

 Spells                   Type           Power        Failure   Level  Hunger
 Slow                     Hex            #.......     11%         2    ###....
 Portal Projectile        Hex/Tloc       #.....       41%         3    ####...
 Cause Fear               Hex            #.........   56%         4    #####..
 Leda's Liquefaction      Hex/Erth       #.........   82%         4    #####..


Dungeon Overview and Level Annotations

Branches:
Dungeon (3/15)

Altars:
Elyvilon
Hepliaklqana


Innate Abilities, Weirdness & Mutations

You have hooves in place of feet.
Armour fits poorly on your strangely shaped body.
You cover ground very quickly.
You have extremely tough skin. (AC +3)
Your life essence is reduced to manifest your ancestor. (-10% HP)


Message History

Okay, then.
You barely miss the gnoll.
The gnoll is severely wounded.
The gnoll barely misses you.
You completely miss the gnoll.
The gnoll is severely wounded.
The gnoll hits you.
* * * LOW HITPOINT WARNING * * *
The gnoll completely misses you.
You barely miss the gnoll.
The gnoll is severely wounded.
The gnoll hits you.
* * * LOW HITPOINT WARNING * * *
You clumsily bash the gnoll but do no damage.
You kick the gnoll.
The gnoll is almost dead.
The gnoll hits you.
* * * LOW HITPOINT WARNING * * *
The gnoll hits you!
You die...

........# ........#
.. ...#.#.## ..
#..##.## .# .#.##.#
.# ##.##.## .#
##.#...###### .#
.R#..#.....(#####.#
##.#...#.###.)(g@.#
##.......# #(######
#####.##g###(# #
#.###...## # #.#
##.## # #.# #.# #
#.# #.# # #.# #.# #
#.####.#


You could see a gnoll.

Vanquished Creatures
  A hound (D:2)
  A worker ant (D:2)
  2 gnolls (D:3)
  An ooze (D:1)
  A dart slug (D:2)
  2 leopard geckos (D:2)
  3 hobgoblins
  A ball python (D:2)
  8 bats
  2 frilled lizards
  11 goblins
  5 kobolds
  5 rats
43 creatures vanquished.

Vanquished Creatures (collateral kills)
  A gnoll (D:3)
  A quokka (D:3)
2 creatures vanquished.

Vanquished Creatures (others)
  An ancestor (D:3)
  A quokka (D:2)
2 creatures vanquished.

Grand Total: 47 creatures vanquished

Notes
Turn   | Place    | Note
-------+----------+-------------------------------------------
     0 | D:1      | HawFromDerth the Centaur Arcane Marksman began the quest
                  | for the Orb.
     0 | D:1      | Reached XP level 1. HP: 16/16 MP: 2/2
    67 | D:1      | You fall into a shaft and drop 1 floor!
    93 | D:2      | Noticed a worker ant
   101 | D:2      | Killed a worker ant
   101 | D:2      | Reached skill level 3 in Bows
   101 | D:2      | Reached XP level 2. HP: 7/23 MP: 3/3
   101 | D:2      | Reached XP level 3. HP: 9/28 MP: 4/4
   677 | D:2      | Found a white marble altar of Elyvilon.
   689 | D:2      | Reached skill level 4 in Bows
   689 | D:2      | Reached XP level 4. HP: 32/35 MP: 5/5
  2051 | D:2      | Learned a level 3 spell: Inner Flame
  2062 | D:3      | Found a hazy altar of Hepliaklqana.
  2295 | D:3      | Became a worshipper of Hepliaklqana the Forgotten
  2480 | D:3      | Slain by a gnoll

Illustrated notes

Levels and vault maps discovered:
D:1:      giann_bridges, layout_basic
D:2:      layout_rooms, elyvilon_altar_4, fountainhead
D:3:      layout_loops_ring, lemuel_round_altar, yredelemnul_altar_generic,
          minivault_26, tgw_xom

Skill      XL: |  1  2  3 |
---------------+----------+-----
Hexes          | 3 |  3.5
Bows           | 3 4 |  4.9
Fighting       | |  1.9
Dodging        | |  1.9
Spellcasting   | |  1.0

Action                   |  1- 3 |  4- 6 || total
-------------------------+-------+-------++-------
Melee: Shortbow          |     3 |     8 ||    11
       Kick              |       |     1 ||     1
 Fire: Shortbow          |    50 |    65 ||   115
 Cast: Corona            |       |     9 ||     9
       Inner Flame       |       |     2 ||     2
  Use: Scroll            |       |     6 ||     6
  Eat: Chunk             |       |     4 ||     4
Armor: Robe              |    41 |     8 ||    49
Dodge: Dodged            |    60 |    13 ||    73
